 Dungeon Crawl Stone Soup version 0.21.1-1-g345015f (webtiles) character file.

17998 Mesmaeker13 the Thaumaturge (level 12, 0/94 HPs)
             Began as a Gnoll Skald on July 18, 2018.
             Was a High Priest of Okawaru.
             Slain by a five-headed hydra (3 damage)
             ... on level 2 of the Lair of Beasts.
             The game lasted 00:29:34 (15555 turns).

Mesmaeker13 the Thaumaturge (Gnoll Skald)          Turns: 15555, Time: 00:29:34

Health: 0/94       AC: 15    Str: 17 (18) XL:     12   Next: 53%
Magic:  17/24      EV: 10    Int: 13 (15) God:    Okawaru [*****.]
Gold:   480        SH: 10    Dex: 16      Spells: 17/28 levels left

rFire    + . .     SeeInvis .   b - +3 scimitar (flame)
rCold    . . .     Gourm    .   y - +0 shield
rNeg     . . .     Faith    .   q - +4 chain mail
rPois    .         Spirit   .   e - +0 helmet
rElec    .         Reflect  .   E - scarf {repulsion}
rCorr    .         Harm     .   (no gloves)
MR       .....                  (no boots)
Stlth    ..........             k - amulet of rage
HPRegen  0.25/turn              (no ring)
MPRegen  0.19/turn              v - ring of protection from fire

@: infused, very slightly contaminated, drained, repel missiles
A: distributed training, fangs 1, hooves 1, deterioration 1, strong nose
a: Heroism, Finesse, Renounce Religion, Evoke Berserk Rage


You were on level 2 of the Lair of Beasts.
You worshipped Okawaru.
Okawaru was extremely pleased with you.
You were not hungry.

You visited 2 branches of the dungeon, and saw 13 of its levels.

You collected 704 gold pieces.
You spent 224 gold pieces at shops.

Inventory:

Hand Weapons
 b - a +3 scimitar of flaming (weapon)
 J - the +7 rapier "Xeojot" {venom, Str+4}
   (Okawaru gifted it to you on level 1 of the Lair of Beasts)

   It poisons the flesh of those it strikes.
   It affects your strength (+4).
Missiles
 a - 12 javelins (quivered)
 B - 2 tomahawks of dispersal
 C - 16 tomahawks
Armour
 e - a +0 helmet (worn)
 m - the +9 ring mail of the Pits of Slime {rElec rF+, unknown}
   (Okawaru gifted it to you on level 2 of the Lair of Beasts)

   It protects you from fire.
   It insulates you from electricity.
 q - a +4 chain mail (worn)
 y - a +0 shield (worn)
 E - a scarf of repulsion (worn)
 G - a +0 scale mail of cold resistance
Jewellery
 k - an amulet of rage (around neck)
 v - a ring of protection from fire (right hand)
 x - the amulet of Guplun {Reflect SH+2 Stlth+}
   (You found it on level 9 of the Dungeon)

   [amulet of reflection]

   It shields you and reflects attacks.
   It affects your SH (+2).
   It makes you more stealthy.
Wands
 A - a wand of iceblast (10)
 K - a wand of disintegration (11)
Scrolls
 g - 5 scrolls of amnesia
 h - 5 scrolls of remove curse
 j - 5 scrolls of magic mapping
 n - 3 scrolls of teleportation
 r - a scroll of blinking
 t - a scroll of enchant armour
 u - 4 scrolls of immolation
 z - 5 scrolls of fog
Potions
 f - 3 potions of brilliance
 l - a potion of resistance
 o - 4 potions of curing
 p - 2 potions of flight
 s - 2 potions of might
 w - 2 potions of cancellation
 D - a potion of ambrosia
 I - a potion of haste
Books
 c - a book of Battle

   Spells                             Type                      Level
   a - Infusion                       Charms                       1
   b - Shroud of Golubria             Charms/Translocation         2
   c - Song of Slaying                Charms                       2
   d - Spectral Weapon                Hexes/Charms                 3
   e - Regeneration                   Charms/Necromancy            3
 F - a book of Fire

   Spells                             Type                      Level
   a - Ignite Poison                  Fire/Transmutation/Poison    3
   b - Fireball                       Conjuration/Fire             5
   c - Bolt of Fire                   Conjuration/Fire             6
   d - Ring of Flames                 Charms/Fire                  7
   e - Ignition                       Fire                         8
Comestibles
 d - 25 rations
 i - 6 chunks of flesh


   Skills:
 + Level 8.7(8.0) Fighting
 + Level 7.2(6.6) Short Blades
 + Level 8.7(8.0) Long Blades
 + Level 7.2(6.6) Axes
 + Level 7.2(6.6) Maces & Flails
 + Level 7.2(6.6) Polearms
 + Level 7.2(6.6) Staves
 + Level 7.2(6.6) Slings
 + Level 7.2(6.6) Bows
 + Level 7.2(6.6) Crossbows
 + Level 7.2(6.6) Throwing
 + Level 7.7(7.1) Armour
 + Level 8.7(8.0) Dodging
 + Level 7.2(6.6) Stealth
 + Level 7.2(6.6) Shields
 + Level 7.2(6.6) Unarmed Combat
 + Level 8.9(8.2) Spellcasting
 + Level 6.0(5.4) Conjurations
 + Level 6.0(5.4) Hexes
 + Level 8.2(7.6) Charms
 + Level 6.0(5.4) Summonings
 + Level 6.0(5.4) Necromancy
 + Level 6.0(5.4) Translocations
 + Level 6.0(5.4) Transmutations
 + Level 6.0(5.4) Fire Magic
 + Level 6.0(5.4) Ice Magic
 + Level 6.0(5.4) Air Magic
 + Level 6.0(5.4) Earth Magic
 + Level 6.0(5.4) Poison Magic
 + Level 8.0(7.3) Invocations
 + Level 7.2(6.6) Evocations


You had 17 spell levels left.
You knew the following spells:

 Your Spells              Type           Power        Failure   Level  Hunger
a - Infusion              Chrm           ####         21%         1    None
b - Song of Slaying       Chrm           ####....     30%         2    None
c - Regeneration          Chrm/Necr      ###.......   67%         3    ##.....
d - Shroud of Golubria    Chrm/Tloc      ###.......   43%         2    None
e - Spectral Weapon       Hex/Chrm       ###.....     67%         3    ##.....


Dungeon Overview and Level Annotations

Branches:
Dungeon (11/15)            Temple (0/1) D:5            Lair (2/6) D:11
    Orc (0/2) D:9
  Swamp: Lair:2-4    Shoals: Lair:2-4     Snake: Lair:2-4    Spider: Lair:2-4

Altars:
Fedhas
Gozag
Kikubaaqudgha
Makhleb
Okawaru
Ru
Sif Muna
Trog
Uskayaw
Vehumet
Yredelemnul
The Shining One

Shops:
D:5 *[:%   D:8 *

Annotations:
D:4 2 transporters
D:5 exclusion: oklob sapling
D:7 2 transporters
D:8 exclusion: statue


Innate Abilities, Weirdness & Mutations

Your experience applies equally to all skills.
You have very sharp teeth.
Your uncanny sense of smell can sniff out nearby items.
You have large cloven feet.
Your body sometimes deteriorates upon taking damage.


Message History

The five-headed hydra bites you.
* * * LOW HITPOINT WARNING * * *
You barely miss the five-headed hydra. You kick the five-headed hydra.
Your bite misses the five-headed hydra.
The five-headed hydra is almost dead.
The five-headed hydra bites you!
* * * LOW HITPOINT WARNING * * *
You block the five-headed hydra's attack.
The five-headed hydra bites you but does no damage.
You block the five-headed hydra's attack. x2
You completely miss the five-headed hydra.
You kick the five-headed hydra.
The five-headed hydra is almost dead.
The five-headed hydra bites you.
* * * LOW HITPOINT WARNING * * *
The five-headed hydra barely misses you.
You block the five-headed hydra's attack.
The five-headed hydra completely misses you.
The five-headed hydra bites you.
You die...

P... ##...###
######..# ##
#...######
...?....##.##
#.#....#.###
......>.....#
#..........#
...........#
###.######.#
#....##.# #..#
#..#
###.....#######..#
#..##
#.....####.##...##
#...#
#...........D@..#
#..##
#........##P######
#..##
..##.......###
##.P######
.#...........#
##.###....
D.P........##
#.........
S#..........
##..#.#..#
..........##
#.##..###
...........#
##.....###
..##.#....##
#P......#.


You could see a five-headed hydra.

Vanquished Creatures
  A hydra (Lair:1)
  Erica (D:8)
  2 two-headed ogres
  Pikel (D:8)
  A cyclops (D:11)
  Joseph (D:10)
  A centaur skeleton (D:11)
  A gargoyle (D:10)
  The ghost of wojtek the Cleaver, a novice MiFi (D:4)
  5 spiny frogs
  2 komodo dragons (Lair:2)
  A kobold demonologist (D:11)
  A polar bear (Lair:2)
  4 hippogriffs
  A spriggan (D:11)
  21 yaks
  A shadow (D:11)
  A wyvern (D:9)
  4 basilisks
  A wraith (D:11)
  Menkaure (D:7)
  5 water moccasins
  Duvessa (D:5)
  3 porcupines (Lair:2)
  4 ice beasts
  A black bear (D:9)
  2 orc warriors (D:9)
  4 sky beasts
  4 ogres
  2 phantoms
  3 centaurs
  3 crocodiles
  3 big kobolds
  10 bullfrogs
  Dowan (D:5)
  3 gnoll sergeants (D:9)
  A scorpion (D:7)
  A wyvern skeleton (D:9)
  10 killer bees
  A bullfrog zombie (D:10)
  4 crimson imps
  4 hounds
  A bullfrog skeleton (D:11)
  An orc priest (D:11)
  8 orc wizards
  Terence (D:2)
  7 iguanas
  8 worker ants
  7 hell rats (Lair:2)
  11 gnolls
  14 adders
  3 oozes
  An adder zombie (D:2)
  A worm (D:3)
  2 leopard geckos
  38 orcs
  7 giant cockroaches
  4 goblins
  10 hobgoblins
  2 jackals (D:1)
  6 quokkas
  A ball python (D:2)
  4 bats
  4 frilled lizards
  12 kobolds
  4 rats
  A spectral orc (D:8)
281 creatures vanquished.

Vanquished Creatures (others)
  4 slaves (D:8)
  A killer bee (D:8)
  A crimson imp (D:8)
  12 fungi (Lair:2)
  4 plants (Lair:2)
22 creatures vanquished.

Grand Total: 303 creatures vanquished

Notes
Turn   | Place    | Note
-------+----------+-------------------------------------------
     0 | D:1      | Mesmaeker13 the Gnoll Skald began the quest for the Orb.
     0 | D:1      | Reached XP level 1. HP: 20/20 MP: 6/6
    91 | D:1      | Reached XP level 2. HP: 26/26 MP: 7/7
   943 | D:2      | Reached XP level 3. HP: 26/31 MP: 9/9
  1098 | D:2      | Reached skill level 5 in Spellcasting
  1429 | D:2      | Reached skill level 1 in Invocations
  1520 | D:2      | Noticed Terence
  1564 | D:2      | Killed Terence
  1564 | D:2      | Reached skill level 1 in Short Blades
  1564 | D:2      | Reached skill level 1 in Axes
  1564 | D:2      | Reached skill level 1 in Maces & Flails
  1564 | D:2      | Reached skill level 1 in Polearms
  1564 | D:2      | Reached skill level 1 in Staves
  1564 | D:2      | Reached skill level 1 in Slings
  1564 | D:2      | Reached skill level 1 in Bows
  1564 | D:2      | Reached skill level 1 in Crossbows
  1564 | D:2      | Reached skill level 1 in Throwing
  1564 | D:2      | Reached skill level 1 in Stealth
  1564 | D:2      | Reached skill level 1 in Shields
  1564 | D:2      | Reached skill level 1 in Unarmed Combat
  1564 | D:2      | Reached skill level 1 in Evocations
  1564 | D:2      | Reached XP level 4. HP: 21/38 MP: 8/11
  1893 | D:2      | Reached skill level 1 in Conjurations
  1893 | D:2      | Reached skill level 1 in Hexes
  1893 | D:2      | Reached skill level 1 in Summonings
  1893 | D:2      | Reached skill level 1 in Necromancy
  1893 | D:2      | Reached skill level 1 in Translocations
  1893 | D:2      | Reached skill level 1 in Transmutations
  1893 | D:2      | Reached skill level 1 in Fire Magic
  1893 | D:2      | Reached skill level 1 in Ice Magic
  1893 | D:2      | Reached skill level 1 in Air Magic
  1893 | D:2      | Reached skill level 1 in Earth Magic
  1893 | D:2      | Reached skill level 1 in Poison Magic
  2091 | D:3      | Reached XP level 5. HP: 26/43 MP: 12/12
  2841 | D:4      | Found an opulent altar of Gozag.
  2852 | D:4      | Found a transporter.
  3035 | D:4      | Learned a level 2 spell: Song of Slaying
  3040 | D:4      | Noticed an ogre
  3050 | D:4      | Killed an ogre
  3050 | D:4      | Reached XP level 6. HP: 50/50 MP: 14/14
  3166 | D:4      | Reached skill level 5 in Fighting
  3166 | D:4      | Reached skill level 5 in Long Blades
  3166 | D:4      | Reached skill level 5 in Dodging
  3296 | D:4      | Noticed wojtek's ghost (novice MiFi)
  3525 | D:4      | Found a transporter.
  3525 | D:4      | Noticed a fire bat
  3525 | D:4      | Noticed a fire bat
  3608 | D:4      | Reached XP level 7. HP: 44/56 MP: 15/15
  4154 | D:4      | Found a hide-covered altar of Uskayaw.
  4270 | D:5      | Entered Level 5 of the Dungeon
  4270 | D:5      | Found a bloodstained altar of Trog.
  4278 | D:5      | Found Adaej's Food Shop.
  4550 | D:5      | Learned a level 3 spell: Regeneration
  4557 | D:5      | Found an ancient bone altar of Kikubaaqudgha.
  4655 | D:5      | Noticed Duvessa
  4735 | D:4      | Found a sacrificial altar of Ru.
  4837 | D:5      | Noticed Dowan
  4840 | D:5      | Killed Duvessa
  4840 | D:5      | Reached XP level 8. HP: 63/63 MP: 13/16
  4864 | D:5      | Killed Dowan
  5185 | D:5      | Found a staircase to the Ecumenical Temple.
  5220 | D:5      | Found Hegoik's Book Shoppe.
  5257 | D:5      | Found a glowing golden altar of the Shining One.
  5266 | D:5      | Found Buniug's Antique Armour Shoppe.
  5270 | D:5      | Bought a glowing scarf for 224 gold pieces
  5293 | D:5      | Found Uteqan's General Store.
  6216 | D:6      | Found a bloodstained altar of Trog.
  6217 | D:6      | Found an iron altar of Okawaru.
  6402 | D:6      | Became a worshipper of Warmaster Okawaru
  6850 | D:7      | Reached XP level 9. HP: 50/69 MP: 13/18
  7021 | D:7      | Reached * piety under Okawaru
  7041 | D:7      | Identified a scroll of acquirement
  7045 | D:7      | Got a bound lead ring
  7049 | D:7      | Identified the ring of Conflict {EV+2 Dex+2} (You acquired it on level 7 of the Dungeon)
  7124 | D:7      | Found a blossoming altar of Fedhas.
  7199 | D:7      | Found a transporter.
  7208 | D:7      | Noticed a kobold demonologist
  7211 | D:7      | Noticed a kobold demonologist
  7217 | D:7      | Found a transporter.
  7306 | D:7      | Noticed Menkaure
  7307 | D:7      | Found a deep blue altar of Sif Muna.
  7313 | D:7      | Killed Menkaure
  7622 | D:4      | Killed wojtek's ghost
  7622 | D:4      | Reached skill level 5 in Armour
  7978 | D:8      | Noticed Erica
  7983 | D:8      | Found a radiant altar of Vehumet.
  8025 | D:8      | Gained mutation: Your body sometimes deteriorates upon taking damage. [potion of mutation]
  8025 | D:8      | Gained mutation: You have large cloven feet. [potion of mutation]
  8592 | D:8      | Noticed a two-headed ogre
  8614 | D:8      | Killed a two-headed ogre
  8614 | D:8      | Reached ** piety under Okawaru
  8614 | D:8      | Reached skill level 5 in Invocations
  8614 | D:8      | Reached XP level 10. HP: 77/77 MP: 17/20
  8678 | D:8      | Found a basalt altar of Yredelemnul.
  8760 | D:8      | Found Dudy's General Store.
  8835 | D:8      | Killed Erica
  8835 | D:8      | Reached *** piety under Okawaru
  8835 | D:8      | Reached skill level 5 in Short Blades
  8835 | D:8      | Reached skill level 5 in Axes
  8835 | D:8      | Reached skill level 5 in Maces & Flails
  8835 | D:8      | Reached skill level 5 in Polearms
  8835 | D:8      | Reached skill level 5 in Staves
  8835 | D:8      | Reached skill level 5 in Slings
  8835 | D:8      | Reached skill level 5 in Bows
  8835 | D:8      | Reached skill level 5 in Crossbows
  8835 | D:8      | Reached skill level 5 in Throwing
  8835 | D:8      | Reached skill level 5 in Stealth
  8835 | D:8      | Reached skill level 5 in Shields
  8835 | D:8      | Reached skill level 5 in Unarmed Combat
  8835 | D:8      | Reached skill level 5 in Evocations
  9025 | D:8      | Noticed Pikel
  9036 | D:8      | Killed Pikel
  9270 | D:8      | Found a burning altar of Makhleb.
  9494 | D:9      | Reached **** piety under Okawaru
  9548 | D:9      | Noticed a two-headed ogre
  9552 | D:9      | Killed a two-headed ogre
  9552 | D:9      | Received a gift from Okawaru
  9729 | D:9      | Reached XP level 11. HP: 84/84 MP: 22/22
  9879 | D:9      | Got a bound emerald amulet
  9917 | D:9      | Identified the amulet of Guplun {Reflect SH+2 Stlth+} (You found it on level 9 of the Dungeon)
 10098 | D:9      | Found a staircase to the Orcish Mines.
 10759 | D:10     | Entered Level 10 of the Dungeon
 10892 | D:10     | Learned a level 2 spell: Shroud of Golubria
 11216 | D:10     | Reached ***** piety under Okawaru
 11227 | D:10     | Noticed Joseph
 11248 | D:10     | Reached skill level 5 in Conjurations
 11248 | D:10     | Reached skill level 5 in Hexes
 11248 | D:10     | Reached skill level 5 in Summonings
 11248 | D:10     | Reached skill level 5 in Necromancy
 11248 | D:10     | Reached skill level 5 in Translocations
 11248 | D:10     | Reached skill level 5 in Transmutations
 11248 | D:10     | Reached skill level 5 in Fire Magic
 11248 | D:10     | Reached skill level 5 in Ice Magic
 11248 | D:10     | Reached skill level 5 in Air Magic
 11248 | D:10     | Reached skill level 5 in Earth Magic
 11248 | D:10     | Reached skill level 5 in Poison Magic
 11261 | D:10     | Received a gift from Okawaru
 11266 | D:10     | Killed Joseph
 11589 | D:10     | Learned a level 3 spell: Spectral Weapon
 12004 | D:11     | Found a staircase to the Lair.
 12028 | D:11     | Found a sacrificial altar of Ru.
 12243 | D:11     | Received a gift from Okawaru
 12633 | D:11     | Noticed a cyclops
 12660 | D:11     | Killed a cyclops
 12876 | Lair:1   | Entered Level 1 of the Lair of Beasts
 13140 | Lair:1   | Received a gift from Okawaru
 13329 | Lair:1   | Got a slimy rapier {god gift}
 13361 | Lair:1   | Identified the +7 rapier "Xeojot" {venom, Str+4} (Okawaru gifted it to you on level 1 of the Lair of Beasts)
 13477 | Lair:1   | Noticed a five-headed hydra
 13497 | Lair:1   | Killed a one-headed hydra
 13497 | Lair:1   | Reached XP level 12. HP: 76/93 MP: 22/24
 15266 | Lair:2   | Received a gift from Okawaru
 15279 | Lair:2   | Got an ancient ring mail {god gift}
 15535 | Lair:2   | Noticed an eight-headed hydra
 15555 | Lair:2   | HP: 3/94 [five-headed hydra (6)]
 15555 | Lair:2   | Slain by a five-headed hydra

Skill      XL: |  1  2  3  4  5  6  7  8  9 10 11 12 |
---------------+-------------------------------------+-----
Spellcasting   | 5 6 7 8 |  8.9
Invocations    | 1 2 3 4 5 6 7 8 |  8.0
Short Blades   | 1 2 3 4 5 6 7 |  7.2
Axes           | 1 2 3 4 5 6 7 |  7.2
Maces & Flails | 1 2 3 4 5 6 7 |  7.2
Polearms       | 1 2 3 4 5 6 7 |  7.2
Staves         | 1 2 3 4 5 6 7 |  7.2
Slings         | 1 2 3 4 5 6 7 |  7.2
Bows           | 1 2 3 4 5 6 7 |  7.2
Crossbows      | 1 2 3 4 5 6 7 |  7.2
Throwing       | 1 2 3 4 5 6 7 |  7.2
Stealth        | 1 2 3 4 5 6 7 |  7.2
Shields        | 1 2 3 4 5 6 7 |  7.2
Unarmed Combat | 1 2 3 4 5 6 7 |  7.2
Evocations     | 1 2 3 4 5 6 7 |  7.2
Conjurations   | 1 2 3 4 5 6 |  6.0
Hexes          | 1 2 3 4 5 6 |  6.0
Summonings     | 1 2 3 4 5 6 |  6.0
Necromancy     | 1 2 3 4 5 6 |  6.0
Translocations | 1 2 3 4 5 6 |  6.0
Transmutations | 1 2 3 4 5 6 |  6.0
Fire Magic     | 1 2 3 4 5 6 |  6.0
Ice Magic      | 1 2 3 4 5 6 |  6.0
Air Magic      | 1 2 3 4 5 6 |  6.0
Earth Magic    | 1 2 3 4 5 6 |  6.0
Poison Magic   | 1 2 3 4 5 6 |  6.0
Armour         | 3 4 5 6 7 |  7.7
Fighting       | 5 6 7 8 |  8.7
Long Blades    | 5 6 7 8 |  8.7
Dodging        | 5 6 7 8 |  8.7
Charms         | 6 7 8 |  8.2

Action                   |  1- 3 |  4- 6 |  7- 9 | 10-12 || total
-------------------------+-------+-------+-------+-------++-------
Melee: Falchion          |    56 |       |       |       ||    56
       Bite              |     9 |    20 |    41 |    78 ||   148
       Short sword       |    21 |   152 |   306 |       ||   479
       Punch             |       |       |     7 |    11 ||    18
       Hand axe          |       |       |    79 |     3 ||    82
       Kick              |       |       |    10 |   216 ||   226
       Scimitar          |       |       |       |   560 ||   560
       Rapier            |       |       |       |     3 ||     3
 Fire: Blowgun           |       |       |     3 |       ||     3
Throw: Javelin           |       |       |     4 |     6 ||    10
 Cast: Infusion          |     1 |     1 |    13 |     8 ||    23
       Regeneration      |       |       |     2 |    10 ||    12
       Song of Slaying   |       |       |     2 |    10 ||    12
       Shroud of Golubri |       |       |       |     4 ||     4
       Spectral Weapon   |       |       |       |     1 ||     1
Invok: Heroism           |       |       |     1 |       ||     1
 Abil: Evoke Berserk Rag |       |     2 |     3 |     3 ||     8
Evoke: Wand              |       |       |     4 |     3 ||     7
  Use: Scroll            |     3 |     5 |     9 |    12 ||    29
       Potion            |     1 |     2 |     5 |     2 ||    10
 Stab: Sleeping          |       |       |       |     2 ||     2
       Distracted        |       |       |       |     1 ||     1
       Invisible         |       |       |       |     1 ||     1
       Petrified         |       |       |       |     1 ||     1
  Eat: Chunk             |     2 |     4 |     9 |    18 ||    33
       Ration            |       |     1 |     3 |     3 ||     7
Armor: Leather armour    |     3 |       |       |       ||     3
       Ring mail         |    30 |       |       |       ||    30
       Scale mail        |       |    62 |   117 |    53 ||   232
       Chain mail        |       |       |       |   175 ||   175
Dodge: Dodged            |    55 |   106 |   206 |   289 ||   656
       Deflected         |       |       |     4 |     2 ||     6
Block: Shield            |       |       |       |   134 ||   134
       Rpst.: Falchion   |    20 |       |       |       ||    20
       Scimitar          |       |       |       |    74 ||    74
